 Dungeon Crawl Stone Soup version 0.28-a0-1184-g53156a8862 (webtiles) character file.

Game seed: 16033458415246501348

3292 ytrimaz the Insei (level 10, -2/66 HPs)
             Began as an Octopode Transmuter on Dec 17, 2021.
             Was an Initiate of Ashenzari.
             Slain by an unseen horror (8 damage)
             ... on level 10 of the Dungeon.
             The game lasted 00:10:12 (10933 turns).

ytrimaz the Insei (Octopode Transmuter)            Turns: 10933, Time: 00:10:12

Health: -2/66      AC:  1    Str: 15    XL:     10   Next: 1%
Magic:  12/20      EV: 17    Int: 21    God:    Ashenzari [......]
Gold:   388        SH:  0    Dex: 12    Spells: 12/22 levels left

rFire   . . .      SeeInvis .     - Unarmed
rCold   . . .      Faith    .   (no shield)
rNeg    . . .      Spirit   .   (helmet restricted)
rPois   .          Reflect  .   (no amulet)
rElec   .          Harm     .   b - +6 ring of strength
rCorr   .          Rampage  .   e - +4 ring of evasion
Will    .....                   (no ring)
Stlth   ++........              (no ring)
HPRegen 0.21/turn               (no ring)
MPRegen 0.17/turn               (no ring)
                                (no ring)
                                (no ring)

@: very slightly contaminated
A: almost no armour, amphibious, 8 rings, camouflage 1, gelatinous body 1,
(nimble swimmer 1), tentacles
a: Renounce Religion, Curse Item


You were on level 10 of the Dungeon.
You worshipped Ashenzari.
Ashenzari was noncommittal.
You visited 2 branches of the dungeon, and saw 10 of its levels.
You also visited: Ossuary.

You collected 388 gold pieces.

Inventory:

Missiles
 p - a throwing net
Jewellery
 b - a +6 ring of strength (left tentacle)
 e - a +4 ring of evasion (right tentacle)
 h - a ring of flight
Wands
 k - a wand of flame (11)
 m - a wand of iceblast (8)
Scrolls
 d - a scroll of fear
 f - a scroll of teleportation
 n - a scroll of fog {unknown}
 o - a scroll of enchant armour
Potions
 a - 2 potions of degeneration
 c - 3 potions of brilliance
 g - a potion of attraction
 i - 3 potions of flight
 j - a potion of mutation {unknown}
 l - 2 potions of invisibility {unknown}
 q - a potion of curing
 r - a potion of heal wounds {unknown}


   Skills:
 * Level 5.0 Fighting
 - Level 2.3 Dodging
 + Level 7.7 Unarmed Combat
 * Level 6.8 Spellcasting
 * Level 6.7 Transmutations
 + Level 2.2 Ice Magic
 - Level 4.0 Poison Magic


You had 12 spell levels left.
You knew the following spells:

 Your Spells              Type           Power      Damage    Failure   Level
a - Beastly Appendage     Tmut           70%        N/A       1%          1
b - Wereblood             Tmut           35%        N/A       1%          2
c - Spider Form           Tmut/Pois      29%        N/A       3%          3
d - Ice Form              Ice/Tmut       26%        N/A       14%         4

Your spell library contained the following spells:

 Spells                   Type           Power      Damage    Failure   Level
 Animate Skeleton         Necr           14%        N/A       9%          1
 Pain                     Necr           28%        1d5       9%          1
 Slow                     Hex            28%        N/A       9%          1
 Confusing Touch          Hex            7%         N/A       26%         3
 Vampiric Draining        Necr           7%         2d6       26%         3


Dungeon Overview and Level Annotations

Branches:
Dungeon (10/15)            Temple (1/1) D:6         Ossuary (visited)
   Lair: D:8-11         Orc: D:9-12

Altars:
Ashenzari
Cheibriados
Dithmenos
Elyvilon
Fedhas
Gozag
Hepliaklqana
Kikubaaqudgha
Makhleb
Nemelex Xobeh
Okawaru
Qazlal
Ru
Sif Muna
Trog
Uskayaw
Vehumet
Wu Jian
Xom
Yredelemnul
Zin
The Shining One

Shops:
D:1 [   D:2 :*(*[

Annotations:
D:2 1 runed translucent door, Crazy Yiuf
D:4 Dowan, Duvessa
D:6 1 runed translucent door, RancidPinata's ghost, weakling GrDe


Innate Abilities, Weirdness & Mutations

You cannot wear most types of armour.
You are amphibious.
You can wear up to eight rings at the same time.
Your skin changes colour to match your surroundings (Stealth+).
Your rubbery body absorbs attacks. (AC +1, EV +1)
((You are camouflaged near water. (Stealth+)))
You have tentacles for arms and can constrict up to eight enemies at once.


Message History

You howl as the wereblood boils in your veins!
You see here a +0 spear.
Unknown command.
You start resting.
Your primal bloodlust is almost over.
Your primal bloodlust has ended.
Your transformation is almost over.
You warm up again.
Magic restored.
Key pressed, stopping explore.
HP restored.
r - a sedimented green potion
Items here: )))) [ ††.
There is a stone staircase leading down here.
There is a stone staircase leading down here.
Found a stone staircase leading up.
You now have 388 gold pieces (gained 14).
Something completely misses you. Something hits you!
Deactivating autopickup; reactivate with Ctrl-A.
Something hits you. Something hits you! Something hits you!
Casting: Wereblood (safe; 1% risk of failure)
Confirm with . or Enter, or press ? or * to list all spells.
You miscast Ice Form.
You are very lightly contaminated with residual magic.
You are covered in a thin layer of ice!
Something hits you.
You tentacle-slap something but do no damage.
You tentacle-slap something. Your squeeze misses something. Something hits you!
* * * LOW HITPOINT WARNING * * *
Something hits you.
* * * LOW HITPOINT WARNING * * *
Something hits you.
* * * LOW HITPOINT WARNING * * *
Unknown command.
Casting: Ice Form (dangerous; 14% risk of failure)
Confirm with . or Enter, or press ? or * to list all spells.
You miscast Ice Form.
Nothing appears to happen.
Something hits you!
You die...

....##..........## ##...#
.#...............## ##.##
##................## ###
##.................#
#..................#
##.................#
#................# .### #
#................# ....###
##.............@## .......
#.............# ....8..
#...........## ........
#.........####.............
#..##.....##..............
#.##.....##..............
#..#.....##..............
#........................
##......#####.............


There were no monsters in sight!

Vanquished Creatures
  Psyche (D:10)
  Prince Ribbit (D:6)
  Sigmund (D:4)
  4 yaks (D:10)
  Menkaure (D:6)
  An acid dragon (D:10)
  A water moccasin (D:6)
  2 black bears
  4 necrophages
  An ice beast (D:7)
  A phantom (D:6)
  An elf zombie (Ossuary)
  A kobold brigand (D:6)
  A gnoll sergeant (D:10)
  2 scorpions
  A water moccasin zombie (D:5)
  A centaur zombie (Ossuary)
  A bullfrog zombie (D:6)
  A human zombie (Ossuary)
  A jelly (D:4)
  A gnoll shaman (D:5)
  A bullfrog skeleton (D:4)
  A centaur skeleton (D:4)
  Jessica (D:3)
  Natasha (thrice) (D:2)
  3 iguanas
  2 orc wizards
  Ijyb (D:5)
  A hound zombie (Ossuary)
  3 mummies (Ossuary)
  9 gnolls
  6 adders
  An adder zombie (Ossuary)
  A worm (D:3)
  A dart slug (D:3)
  9 orcs
  7 endoplasms
  3 giant cockroaches
  4 gnoll zombies (Ossuary)
  6 goblins
  10 hobgoblins
  2 jackals (D:5)
  6 quokkas
  5 ball pythons
  7 bats
  2 frilled lizards
  8 goblin zombies (Ossuary)
  2 hobgoblin zombies (Ossuary)
  A jackal zombie (Ossuary)
  11 kobolds
  3 kobold zombies (Ossuary)
  2 orc zombies (Ossuary)
  5 quokka zombies (Ossuary)
  5 rats
  4 rat zombies (Ossuary)
165 creatures vanquished.

Notes
Turn   | Place    | Note
-------+----------+-------------------------------------------
     0 | D:1      | ytrimaz the Octopode Transmuter began the quest for the
                  | Orb.
     0 | D:1      | Reached XP level 1. HP: 13/13 MP: 3/3
   612 | D:1      | Reached XP level 2. HP: 3/18 MP: 1/5
   870 | D:1      | Learned a level 2 spell: Wereblood
  1058 | D:1      | Found a faded altar of an unknown god.
  1206 | D:1      | Found Byplotod's Antique Armour Boutique.
  1227 | D:1      | Reached XP level 3. HP: 19/23 MP: 4/6
  1231 | D:1      | Learned a level 3 spell: Spider Form
  1601 | D:2      | Found Geitaij's Weapon Shop.
  1734 | D:2      | Found Moib's Armour Shop.
  1735 | D:2      | Found Voacoax's Assorted Antiques.
  2062 | D:2      | Noticed Natasha
  2070 | D:2      | Killed Natasha
  2071 | D:2      | Reached XP level 4. HP: 24/28 MP: 5/8
  2218 | D:2      | Found Pugoitomp's General Store.
  2244 | D:2      | Found Yllosips's Book Shoppe.
  2322 | D:2      | Found a runed translucent door.
  2323 | D:2      | Noticed Crazy Yiuf
  2366 | D:2      | Noticed Natasha
  2372 | D:2      | Killed Natasha
  2373 | D:2      | Reached skill level 1 in Poison Magic
  2616 | D:2      | Noticed Natasha
  2626 | D:2      | Killed Natasha
  2627 | D:2      | Reached XP level 5. HP: 13/33 MP: 5/9
  3245 | D:3      | Found a white marble altar of Elyvilon.
  3368 | D:3      | Noticed Jessica
  3372 | D:3      | Killed Jessica
  3877 | D:4      | Reached XP level 6. HP: 33/39 MP: 7/11
  3966 | D:4      | Noticed Sigmund
  3982 | D:4      | Killed Sigmund
  3983 | D:4      | Reached skill level 4 in Unarmed Combat
  4300 | D:4      | Reached XP level 7. HP: 39/45 MP: 11/13
  5191 | D:5      | Entered Level 5 of the Dungeon
  5191 | D:5      | Noticed Duvessa
  5191 | D:5      | Noticed Dowan
  6025 | D:5      | Noticed Ijyb
  6034 | D:5      | Killed Ijyb
  6044 | D:5      | Reached XP level 8. HP: 25/51 MP: 11/15
  6242 | D:5      | Reached skill level 5 in Unarmed Combat
  7075 | D:6      | Learned a level 4 spell: Ice Form
  7081 | D:6      | Found a sand-covered staircase.
  7087 | Ossuary  | Entered an ossuary
  7238 | Ossuary  | Reached skill level 5 in Spellcasting
  7379 | Ossuary  | Reached skill level 5 in Transmutations
  7841 | D:6      | Found a hide-covered altar of Uskayaw.
  7878 | D:6      | Noticed Prince Ribbit
  7892 | D:6      | Killed Prince Ribbit
  7893 | D:6      | Reached skill level 6 in Unarmed Combat
  8041 | D:6      | Found a staircase to the Ecumenical Temple.
  8053 | Temple   | Entered the Ecumenical Temple
  8405 | Temple   | Became a worshipper of Ashenzari the Shackled
  8438 | D:6      | Reached XP level 9. HP: 58/58 MP: 13/17
  8472 | D:6      | Noticed Menkaure
  8482 | D:6      | Killed Menkaure
  8483 | D:6      | Reached skill level 1 in Ice Magic
  8985 | D:6      | Found a runed translucent door.
  8987 | D:6      | Noticed RancidPinata's ghost (weakling GrDe)
  9553 | D:7      | Reached skill level 7 in Unarmed Combat
  9643 | D:7      | You fall into a shaft and drop 3 floors!
  9643 | D:10     | Entered Level 10 of the Dungeon
 10641 | D:10     | Noticed Psyche
 10656 | D:10     | Killed Psyche
 10657 | D:10     | Reached skill level 5 in Fighting
 10657 | D:10     | Reached XP level 10. HP: 34/66 MP: 7/20
 10933 | D:10     | Slain by an unseen horror

Illustrated notes

Levels and vault maps discovered:
D:1:      erik_arrival_cave_to_civilisation [erik_arrival_cave_to_hall],
          layout_basic, serial_shops, nicolae_shop_hallway_stairs,
          chequers_ecumenical_altar_island
D:2:      layout_loops_ring, serial_shops, nicolae_shop_overgrown_old_shop,
          nicolae_shop_bloodbath_and_beyond, shop_statue, shop,
          nicolae_shop_behind_doors, uniq_crazy_yiuf_cottage, uniq_natasha
D:3:      layout_rooms, elyvilon_altar_3, eino_tiny_chamber, uniq_jessica
D:4:      layout_loops_ring, st_stairs_14, uniq_sigmund
D:5:      layout_rooms, nicolae_elevator_lobby_asterisk, uniq_ijyb, uniq_duvessa
D:6:      layout_rooms, mainiacjoe_overflow_brackets, minmay_temple_entry_waves,
          nicolae_ossuary_entry_plus, ebering_ghost_reflecting_pool,
          uniq_menkaure, uniq_prince_ribbit1
D:7:      layout_loops_cross, uniq_maggie
D:9:      layout_roguey, serial_park_tiny_2, grunt_ministairs_6,
          nicolae_barding_shop
D:10:     layout_cave_pods, serial_column_ruins, column_ruins_grid_1,
          column_ruins_open_small_water, column_ruins_grid_1,
          column_ruins_open_small, column_ruins_columns_corner,
          column_ruins_open_small, special_room [special_room_orc], uniq_psyche
Temple:   mainiacjoe_temple_cubbyholes

Skill      XL: |  1  2  3  4  5  6  7  8  9 |
---------------+----------------------------+-----
Poison Magic   | 1 2 3 4 |  4.0
Spellcasting   | 3 4 5 6 |  6.8
Transmutations | 3 4 5 6 |  6.7
Fighting       | 2 4 5 |  5.0
Unarmed Combat | 4 6 7 |  7.7
Ice Magic      | 2 |  2.2
Dodging        | |  2.3

Action                   |  1- 3 |  4- 6 |  7- 9 | 10-12 || total
-------------------------+-------+-------+-------+-------++-------
Melee: Unarmed           |    81 |    76 |   295 |     6 ||   458
       Constrict         |    20 |    15 |    12 |       ||    47
       Kick              |    18 |    17 |     7 |       ||    42
       Tentacles         |    13 |     7 |    11 |       ||    31
       Punch             |     2 |     1 |     3 |     1 ||     7
 Cast: Beastly Appendage |    31 |    13 |     8 |       ||    52
       Spider Form       |       |     5 |    16 |       ||    21
       Ice Form          |       |       |    19 |       ||    19
       Wereblood         |       |       |     4 |       ||     4
  Use: Scroll            |     2 |     2 |     8 |       ||    12
       Potion            |       |       |     3 |       ||     3
 Stab: Sleeping          |     6 |     5 |       |       ||    11
       Distracted        |       |       |     1 |       ||     1
Armor: Skin              |     5 |     4 |    50 |       ||    59
Dodge: Dodged            |    50 |    59 |   252 |     5 ||   366

Table legend: (Time is in decaauts)
 A = Elapsed time spent in this place.
 B = Non-inter-level travel time spent in this place.
 C = Inter-level travel time spent in this place.
 D = Time resting spent in this place.
 E = Time spent auto-exploring this place.
 F = Levels seen in this place.
 G = Mean time per level.
                   A        B        C        D        E       F      G
               +--------+--------+--------+--------+--------+-----+--------+
         Total |  10892 |  10669 |    223 |   2079 |   7004 |  11 |  990.2 |
       Dungeon |   9973 |   9815 |    158 |   1918 |   6522 |   9 | 1108.1 |
        Temple |    370 |    305 |     65 |      0 |    302 |   1 |  370.0 |
       Ossuary |    548 |    548 |      0 |    161 |    180 |   1 |  548.0 |
               +--------+--------+--------+--------+--------+-----+--------+

Top non-repeatable levels by time:
     D:1: 1595 daAuts
     D:3: 1581 daAuts
     D:4: 1522 daAuts
     D:6: 1519 daAuts
    D:10: 1284 daAuts
     D:2: 1203 daAuts
     D:5: 1148 daAuts
 Ossuary: 548 daAuts
  Temple: 370 daAuts
     D:7: 116 daAuts
     D:9: 1 daAuts
